 Dungeon Crawl Stone Soup version 0.30.1-9-gdf580d7c3d (webtiles) character file.

Game seed: 11541670055759208110

1817 monsoonserge the Carver (level 9, 0/69 HPs)
             Began as a Merfolk Monk on Oct 25, 2023.
             Was a Believer of Okawaru.
             Slain by a steam dragon (3 damage)
             ... on level 6 of the Dungeon.
             The game lasted 00:10:14 (5990 turns).

monsoonserge the Carver (Merfolk Monk)              Turns: 5990, Time: 00:10:14

Health: 0/69       AC:  8    Str: 11    XL:     9   Next: 10%
Magic:  8/10       EV: 17    Int:  9    God:    Okawaru [**....]
Gold:   347        SH:  6    Dex: 21    Spells: 8/8 levels left

rFire   . . .        b - +1 short sword (freeze)
rCold   . . .        D - +0 buckler
rNeg    . . .        h - +0 ring mail
rPois   .            t - +0 helmet
rElec   .            (no cloak)
rCorr   .            (no gloves)
SInv    .            (no boots)
Will    .....        (no amulet)
Stlth   +++          (no ring)
HPRegen 0.31/turn    (no ring)
MPRegen 0.12/turn

%: no passive effects
@: heroic
A: (nimble swimmer 2), mertail
a: Renounce Religion, Heroism


You were on level 6 of the Dungeon.
You worshipped Okawaru.
Okawaru was pleased with you.
You visited 1 branch of the dungeon, and saw 6 of its levels.

You collected 347 gold pieces.

Inventory:

Hand Weapons
 a - a +0 falchion
 b - a +1 short sword of freezing (weapon)
 u - a +0 long sword
 B - a +0 shortbow
 E - a +0 longbow
Missiles
 f - 7 poisoned darts (quivered)
 n - 3 datura-tipped darts
 v - a throwing net
Armour
 h - a +0 ring mail (worn)
 t - a +0 helmet (worn)
 x - a +0 leather armour
 D - a +0 buckler (worn)
Jewellery
 o - a +6 ring of intelligence
 C - a ring of protection from fire
Wands
 p - a wand of acid (15)
 s - a wand of digging (7)
 w - a wand of polymorph (11)
 A - a wand of flame (23)
 F - a wand of iceblast (12)
Scrolls
 g - 4 scrolls of enchant weapon {unknown}
 j - 3 scrolls of teleportation {unknown}
 k - 8 scrolls of identify {unknown}
 m - 6 scrolls of enchant armour {unknown}
 q - a scroll of blinking {unknown}
 y - a scroll of magic mapping {unknown}
Potions
 c - 2 potions of ambrosia
 d - a potion of attraction {unknown}
 e - a potion of brilliance {unknown}
 i - a potion of curing
 l - a potion of lignification {unknown}
 r - a potion of berserk rage {unknown}
 z - a potion of degeneration {unknown}


   Skills:
 + Level 6.1(11.1) Fighting
 + Level 1.6(10.9) Short Blades
 - Level 9.0(14.1) Long Blades
 + Level 0.5(5.5) Throwing
 + Level 4.0(9.0) Armour
 + Level 6.2(11.2) Dodging
 + Level 1.1(6.1) Stealth
 + Level 1.2(6.2) Shields
 * Level 2.2 Invocations
 * Level 1.5 Evocations


You had 8 spell levels left.
You didn't know any spells.
Your spell library contained the following spells:

 Spells                   Type           Power      Damage    Failure   Level
 Apportation              Tloc           0%         N/A       75%         1
 Magic Dart               Conj           0%         1d3       75%         1
 Blink                    Tloc           0%         N/A       86%         2
 Cigotuvi's Dreadful Rot  Necr/Pois/Air  0%         N/A       86%         2
 Lesser Beckoning         Tloc           0%         N/A       86%         2
 Searing Ray              Conj           0%         2d4       86%         2
 Ignite Poison            Fire/Tmut/Pois 0%         N/A       98%         3
 Mephitic Cloud           Conj/Pois/Air  0%         N/A       98%         3
 Alistair's Intoxication  Tmut/Pois      0%         N/A       100%        5
 Arcjolt                  Conj/Air       0%         1d10      100%        5
 Freezing Cloud           Conj/Ice/Air   0%         6-21      100%        5
 Summon Small Mammal      Summ           Unusable   N/A       N/A         1
 Call Imp                 Summ           Unusable   N/A       N/A         2
 Call Canine Familiar     Summ           Unusable   N/A       N/A         3
 Summon Guardian Golem    Hex/Summ       Unusable   N/A       N/A         3
 Animate Armour           Summ/Erth      Unusable   N/A       N/A         4

Dungeon Overview and Level Annotations

Branches:
Dungeon (6/15)
 Temple: D:4-7

Altars:
Okawaru
Uskayaw
Vehumet

Shops:
D:5 [


Innate Abilities, Weirdness & Mutations

((You are very nimble when in or above water. (Stealth+, EV+, Speed+++)))
Your lower body shifts to a powerful aquatic tail in water.


Message History

You hit the steam dragon. You freeze the steam dragon.
The steam dragon is heavily wounded.
You are engulfed in a cloud of scalding steam.
The steam dragon barely misses you. The steam dragon claws you.
An ogre comes into view. It is wielding a +0 giant club.
You barely miss the steam dragon.
The steam dragon is heavily wounded.
You are engulfed in a cloud of scalding steam.
The steam dragon bites you but does no damage.
The steam dragon claws you.
* * * LOW HITPOINT WARNING * * *
You barely miss the steam dragon.
The steam dragon is heavily wounded.
You are engulfed in a cloud of scalding steam.
* * * LOW HITPOINT WARNING * * *
The steam dragon closely misses you. The steam dragon claws you.
* * * LOW HITPOINT WARNING * * *
You closely miss the steam dragon.
The steam dragon is heavily wounded.
You gain the combat prowess of a mighty hero.
The steam dragon breathes steam at you. The ball of steam misses you.
You barely miss the steam dragon.
The steam dragon is heavily wounded.
You are engulfed in a cloud of scalding steam.
* * * LOW HITPOINT WARNING * * *
The steam dragon bites you.
* * * LOW HITPOINT WARNING * * *
The steam dragon barely misses you.
You hit the steam dragon but do no damage.
The steam dragon is heavily wounded.
You are engulfed in a cloud of scalding steam.
* * * LOW HITPOINT WARNING * * *
Unknown command.
You hit the steam dragon but do no damage.
The steam dragon is heavily wounded.
You are engulfed in a cloud of scalding steam.
* * * LOW HITPOINT WARNING * * *
The steam dragon bites you.
You die...

#.# #.# #.# #.#
#.###.###.#
#.........#
#####.....#
#ยงยง....#..######.
#.###............
#.# ##.#.###....#
#@# #.#)####.#.#
#D# #.#......#.#
#.# #.#..#####.#
#O# #....#####.#
#.# #.##.......#
#.# #.########.#
#.# #.# #.# #.#
#.## #######...


You could see a steam dragon (catching breath) and an ogre.

Vanquished Creatures
  2 black bears (D:6)
  A sky beast (D:6)
  An ogre (D:6)
  2 centaurs (D:5)
  3 phantoms
  A bullfrog (D:6)
  3 scorpions
  3 wights
  2 jellies
  3 orc priests
  3 hounds
  5 iguanas (D:5)
  2 orc wizards
  Robin (D:3)
  7 gnolls
  7 adders
  A shadow imp (D:5)
  An ufetubus (D:6)
  A worm (D:2)
  4 dart slugs
  18 orcs
  13 bats
  7 endoplasms
  2 giant cockroaches
  12 goblins
  8 hobgoblins
  5 jackals (D:4)
  8 kobolds
  A quokka (D:3)
  3 ball pythons
  4 frilled lizards
  2 rats (D:2)
136 creatures vanquished.

Notes
Turn   | Place    | Note
-------+----------+-------------------------------------------
     0 | D:1      | monsoonserge the Merfolk Monk began the quest for the Orb.
     0 | D:1      | Reached XP level 1. HP: 18/18 MP: 1/1
   193 | D:1      | Reached XP level 2. HP: 12/24 MP: 2/2
   255 | D:1      | Reached skill level 4 in Long Blades
   560 | D:1      | Reached XP level 3. HP: 24/30 MP: 3/3
  1017 | D:2      | Reached XP level 4. HP: 33/37 MP: 4/4
  1109 | D:2      | Got the Parchment of Damaging Geometry
  1277 | D:3      | Reached skill level 5 in Long Blades
  1302 | D:3      | Noticed Robin
  1314 | D:3      | Killed Robin
  2249 | D:4      | Noticed a phantom
  2256 | D:3      | Reached XP level 5. HP: 12/42 MP: 5/5
  2416 | D:4      | Killed a phantom
  2416 | D:4      | HP: 1/42 [gnoll/+0 spear (8)]
  2417 | D:4      | Reached skill level 6 in Long Blades
  2417 | D:4      | Reached skill level 1 in Armour
  2417 | D:4      | Reached XP level 6. HP: 2/48 MP: 6/6
  2777 | D:4      | Got the Secrets of Command and Toxicants
  2838 | D:4      | Found a hide-covered altar of Uskayaw.
  2853 | D:4      | Found a radiant altar of Vehumet.
  3027 | D:4      | Reached skill level 5 in Dodging
  3029 | D:4      | Reached skill level 1 in Stealth
  3029 | D:4      | Reached XP level 7. HP: 46/55 MP: 7/7
  3130 | D:5      | Entered Level 5 of the Dungeon
  3444 | D:5      | Reached skill level 7 in Long Blades
  3607 | D:5      | Found an iron altar of Okawaru.
  3793 | D:5      | Reached skill level 5 in Fighting
  4195 | D:5      | Reached XP level 8. HP: 51/62 MP: 8/8
  4243 | D:5      | Reached skill level 8 in Long Blades
  4644 | D:5      | Found Jarpha's Armour Shop.
  4956 | D:6      | Reached skill level 9 in Long Blades
  5239 | D:5      | Became a worshipper of Warmaster Okawaru
  5239 | D:5      | Reached * piety under Okawaru
  5239 | D:5      | Reached ** piety under Okawaru
  5472 | D:6      | Reached skill level 1 in Invocations
  5702 | D:6      | Reached skill level 1 in Evocations
  5801 | D:6      | Reached skill level 1 in Shields
  5810 | D:6      | Reached skill level 1 in Short Blades
  5810 | D:6      | Reached XP level 9. HP: 57/69 MP: 10/10
  5990 | D:6      | HP: 3/69 [steam dragon] (4)]
  5990 | D:6      | Slain by a steam dragon

Illustrated notes

Levels and vault maps discovered:
D:1:      dpeg_arrival_pits, layout_basic, chequers_serial_rivers_room_b,
          chequers_big_river
D:2:      layout_rooms, nrook_campfire
D:3:      layout_basic, uniq_robin
D:4:      layout_rooms, mainiacjoe_overflow_big_doors, serial_bayou_pond_e,
          dreamdust_princess_corridor, roderic_batcave
D:5:      layout_basic, lemuel_tele_altar, serial_shops, kennysheep_mini_moat
D:6:      layout_loops_ring

Skill      XL: |  1  2  3  4  5  6  7  8  9 |
---------------+----------------------------+-----
Long Blades    | 4 5 6 7 9 |  9.0
Fighting       | 4 5 6 |  6.1
Armour         | 1 2 3 4 |  4.0
Dodging        | 5 6 |  6.2
Stealth        | 1 |  1.1
Invocations    | 2 |  2.2
Evocations     | 1 |  1.5
Shields        | 1 |  1.2
Short Blades   | 1 |  1.6
Throwing       | |  0.5

Action                     |  1- 3 |  4- 6 |  7- 9 || total
---------------------------+-------+-------+-------++-------
  Melee: Falchion          |    82 |    50 |       ||   132
         Long sword        |       |    58 |   162 ||   220
         Short sword       |       |       |   158 ||   158
  Throw: Dart              |       |       |     3 ||     3
 Invoke: Heroism           |       |       |     2 ||     2
 Armour: Robe              |     4 |       |       ||     4
         Ring mail         |    16 |    37 |    96 ||   149
  Dodge: Dodged            |    56 |    81 |   194 ||   331
  Block: Buckler           |       |       |    28 ||    28
